 Dungeon Crawl Stone Soup version 0.29-a0-266-gf56f883ddd (webtiles) character file.

Game seed: 5297064140943577792

309096 wakim the Warrior (level 21, -9/158 HPs)
             Began as an Octopode Transmuter on Mar 6, 2022.
             Was an Initiate of Gozag.
             Killed from afar by a tengu reaver (72 damage)
             ... with a bolt of acid
             ... led by Sojobo
             ... on level 3 of the Depths.
             The game lasted 02:27:24 (48990 turns).

wakim the Warrior (Octopode Transmuter)            Turns: 48990, Time: 02:27:24

Health: -9/158     AC: 22    Str: 16    XL:     21   Next: 22%
Magic:  42/57      EV: 24    Int: 42    God:    Gozag
Gold:   6690       SH:  0    Dex: 12    Spells: 12/48 levels left

rFire   + + .      SeeInvis .     - Unarmed
rCold   + . .      Faith    .   (shield currently unavailable)
rNeg    . . .      Spirit   .   (helmet currently unavailable)
rPois   ∞          Reflect  .   a - amulet of magic regeneration
rElec   +          Harm     .   Q - ring "Sibb" {Fly Will++ MP+9 Int+6}
rCorr   .          Rampage  .   d - ring "Xuikil" {Fly Slay+5}
Will    ++++.                   i - ring "Hezycs" {Wiz rPois Will+}
Stlth   +++.......              l - ring of protection from cold
HPRegen 0.36/turn               P - +4 ring of protection
MPRegen 0.75/turn               f - ring "Ydwerega" {rF+ MP+9 Str+4}
                                s - +6 ring of intelligence
                                x - ring "Munnidwe" {rF+ Int+6}

@: storm-form, gold aura, flying, studying 2 skills
A: cleaving, flying, almost no armour, amphibious, 8 rings, (camouflage 1),
(gelatinous body 1), (nimble swimmer 1), (tentacles)
}: 2/15 runes: decaying, serpentine
a: Blinkbolt, End Transformation, Renounce Religion, Potion Petition, Call
Merchant, Bribe Branch


You were on level 3 of the Depths.
You worshipped Gozag.
Gozag was greatly pleased with you.
You were a lightning-filled tempest!
You visited 7 branches of the dungeon, and saw 35 of its levels.
You also visited: Sewer.

You collected 15719 gold pieces.
You spent 6460 gold pieces at shops.
You paid 2569 gold pieces to Gozag.

Inventory:

Missiles
 j - 3 throwing nets {=f!f}
Armour
 h - the +3 crown of Dyrovepreva (melded) {rElec Int+2 SInv}
   (You bought it in a shop on level 4 of the Snake Pit)

   Int:       It affects your intelligence (+2).
   rElec:     It insulates you from electricity.
   SInv:      It lets you see invisible.
Jewellery
 a - an amulet of magic regeneration (around neck)
 d - the ring "Xuikil" (right fist) {Fly Slay+5}
   (You acquired it on level 3 of the Swamp)

   [ring of flight]

   Slay:      It affects your accuracy & damage with ranged weapons and melee
   (+5).
   Fly:       It grants you flight.
 e - the ring "Rota" {Fire rElec Stlth+}
   (You found it on level 3 of the Lair of Beasts)

   [ring of fire]

   It enhances your fire magic.
   rF:        It protects you from fire.
   rC:        It makes you vulnerable to cold.
   rElec:     It insulates you from electricity.
   Stlth:     It makes you more stealthy.
 f - the ring "Ydwerega" (on tentacle) {rF+ MP+9 Str+4}
   (You bought it in a shop on level 11 of the Dungeon)

   [ring of protection from fire]

   Str:       It affects your strength (+4).
   rF:        It protects you from fire.
   MP:        It affects your magic capacity (+9).
 g - the ring "Cacarudu" {Will+ rCorr}
   (You bought it in a shop on level 11 of the Dungeon)

   [ring of resist corrosion]

   rCorr:     It protects you from acid and corrosion.
   Will:      It increases your willpower.
 i - the ring "Hezycs" (on tentacle) {Wiz rPois Will+}
   (You bought it in a shop on level 11 of the Dungeon)

   [ring of wizardry]

   It improves your spell success rate.
   rPois:     It protects you from poison.
   Will:      It increases your willpower.
 l - a ring of protection from cold (on tentacle)
 o - a ring of protection from fire
 p - a ring of ice
 s - a +6 ring of intelligence (on tentacle)
 x - the ring "Munnidwe" (on tentacle) {rF+ Int+6}
   (You acquired it on level 2 of the Dungeon)

   [ring of protection from fire]

   Int:       It affects your intelligence (+6).
   rF:        It protects you from fire.
 E - an amulet of regeneration
 P - a +4 ring of protection (on tentacle)
 Q - the ring "Sibb" (left fist) {Fly Will++ MP+9 Int+6}
   (You acquired it on level 2 of the Dungeon)

   [ring of intelligence]

   Int:       It affects your intelligence (+6).
   MP:        It affects your magic capacity (+9).
   Fly:       It grants you flight.
   Will:      It greatly increases your willpower.
 V - a +4 ring of slaying
Wands
 b - a wand of iceblast (24)
 t - a wand of digging (11)
 v - a wand of flame (47)
 w - a wand of acid (13)
 y - a wand of paralysis (11)
 z - a wand of polymorph (3)
Scrolls
 c - a scroll of brand weapon
 k - 5 scrolls of enchant armour
 n - 3 scrolls of amnesia
 q - 7 scrolls of enchant weapon
 R - 2 scrolls of magic mapping {!r}
 S - 2 scrolls of summoning
 T - 17 scrolls of teleportation
 U - 4 scrolls of fear
 W - 2 scrolls of holy word
 X - 5 scrolls of fog
 Y - 3 scrolls of blinking {!r}
 Z - 2 scrolls of silence {!r}
Potions
 A - 3 potions of ambrosia
 B - 3 potions of attraction {!q}
 C - 3 potions of berserk rage {!q}
 D - 11 potions of brilliance
 F - 12 potions of curing
 H - 6 potions of haste
 I - a potion of invisibility
 J - 9 potions of heal wounds
 K - 3 potions of magic
 L - 4 potions of lignification {!q}
 M - 7 potions of mutation {!q}
 N - 5 potions of might
 O - 2 potions of resistance
Miscellaneous
 m - a phantom mirror
 r - a box of beasts


   Skills:
 + Level 17.7 Fighting
 + Level 10.3 Dodging
 - Level 5.0 Stealth
 * Level 17.4 Unarmed Combat
 + Level 14.0 Spellcasting
 + Level 13.7 Translocations
 - Level 16.0 Transmutations
 * Level 4.1 Air Magic
 - Level 6.0 Earth Magic
 - Level 1.0 Poison Magic


You had 12 spell levels left.
You knew the following spells:

 Your Spells              Type           Power      Damage    Failure   Level
a - Storm Form            Tmut/Air       42%        N/A       6%          7
b - Manifold Assault      Tloc           98%        N/A       1%          5
c - Ice Form              Ice/Tmut       77%        N/A       1%          4
d - Dispersal             Tloc           49%        N/A       1%          6
e - Statue Form           Tmut/Erth      59%        N/A       1%          6
s - Swiftness             Air            59%        N/A       1%          3
x - Spider Form           Tmut/Pois      79%        N/A       1%          3
B - Blink                 Tloc           100%       N/A       0%          2

Your spell library contained the following spells:

 Spells                   Type           Power      Damage    Failure   Level
 Apportation              Tloc           100%       N/A       0%          1
 Beastly Appendage        Tmut           100%       N/A       0%          1
 Passwall                 Tmut/Erth      74%        N/A       0%          2
 Wereblood                Tmut           100%       N/A       0%          2
 Gell's Gravitas          Tloc           98%        N/A       0%          3
 Lesser Beckoning         Tloc           98%        N/A       0%          3
 Teleport Other           Tloc           98%        N/A       0%          3
 Animate Skeleton         Necr           58%        N/A       1%          1
 Magic Dart               Conj           100%       1d8       1%          1
 Pain                     Necr           100%       1d9       1%          1
 Sandblast                Erth           100%       2d20      1%          1
 Summon Small Mammal      Summ           100%       N/A       1%          1
 Corpse Rot               Necr/Air       92%        N/A       1%          2
 Ensorcelled Hibernation  Hex/Ice        58%        N/A       1%          2
 Poisonous Vapours        Pois/Air       100%       N/A       1%          2
 Searing Ray              Conj           58%        2d6       1%          2
 Call Canine Familiar     Summ           29%        N/A       1%          3
 Portal Projectile        Hex/Tloc       100%       N/A       1%          3
 Stone Arrow              Conj/Erth      100%       3d13      1%          3
 Summon Guardian Golem    Hex/Summ       29%        N/A       1%          3
 Leda's Liquefaction      Hex/Erth       26%        N/A       1%          4
 Petrify                  Tmut/Erth      89%        N/A       1%          4
 Alistair's Intoxication  Tmut/Pois      52%        N/A       1%          5
 Blade Hands              Tmut           52%        N/A       1%          5
 Summon Forest            Summ/Tloc      36%        N/A       1%          5
 Olgreb's Toxic Radiance  Pois           37%        N/A       2%          4
 Fulminant Prism          Conj/Hex       14%        3d9       4%          4
 Hailstorm                Conj/Ice       29%        3d8       4%          4
 Agony                    Necr           29%        N/A       12%         5
 Excruciating Wounds      Necr           14%        N/A       12%         5
 Metabolic Englaciation   Hex/Ice        14%        N/A       12%         5
 Summon Mana Viper        Hex/Summ       29%        N/A       12%         5
 Simulacrum               Ice/Necr       14%        N/A       50%         6
 Summon Cactus Giant      Summ           14%        N/A       50%         6
 Orb of Destruction       Conj           14%        9d7       96%         7
 Ozocubu's Refrigeration  Ice            14%        4d7       96%         7
 Spellforged Servitor     Conj/Summ      14%        N/A       96%         7
 Ignition                 Fire           14%        3d6       100%        8


Dungeon Overview and Level Annotations

Branches:
Dungeon (15/15)            Temple (1/1) D:7            Lair (6/6) D:9
  Swamp (4/4) Lair:2        Snake (4/4) Lair:4        Slime (0/5) Lair:6
    Orc (2/2) D:12            Elf (0/3) Orc:2        Vaults (0/5) D:13
 Depths (3/4) D:15          Sewer (visited)

Altars:
Ashenzari
Cheibriados
Dithmenos
Elyvilon
Fedhas
Gozag
Hepliaklqana
Kikubaaqudgha
Makhleb
Nemelex Xobeh
Okawaru
Qazlal
Ru
Sif Muna
Trog
Uskayaw
Vehumet
Wu Jian
Xom
Yredelemnul
Zin
The Shining One

Shops:
D:1 (   D:10 [   D:11 [=   Orc:2 (?[   Lair:4 !!   Snake:2 =::   Snake:3 *=*[
Snake:4 *   Depths:2 !::

Portals:
Hell: Lair:6 Depths:1 Depths:2
Abyss: Depths:3
Pandemonium: Depths:2
Ziggurat: Depths:1


Innate Abilities, Weirdness & Mutations

You are a lightning-filled tempest!
Your electrical attacks strike out in all directions at once.
You are incredibly evasive.
You are flying.
You are immune to poison.
Your armour is entirely melded.
You are incapable of wielding weapons or throwing items.
You cannot wear most types of armour.
You are amphibious.
You can wear up to eight rings at the same time.
((Your skin changes colour to match your surroundings (Stealth+).))
((Your rubbery body absorbs attacks. (AC +1, EV +1)))
((You are camouflaged when in or above water. (Stealth+)))
((You have tentacles for arms and can constrict up to eight enemies at once.))


Message History

You miss Sojobo. Your punch misses Sojobo.
Sojobo is almost dead.
You barely miss the tengu reaver.
The tengu reaver hits you with a +0 battleaxe!
The tengu reaver completely misses you.
The tengu reaver barely misses you. 80/158 (-15)
You miss Sojobo. You punch Sojobo, but do no damage.
Sojobo is almost dead.
You batter the tengu reaver!!
Lightning courses through the tengu reaver!
You kill the tengu reaver!
You closely miss the air elemental.
The air elemental hits you but does no damage.
The air elemental misses you.
Sojobo conjures a fierce blast of wind!
A tengu reaver comes into view.
It is wielding a +3 war axe and wearing a +2 buckler of protection.
Your Spellcasting skill increases to level 14!
You blast Sojobo!!!
You kill Sojobo!
The air elemental disappears in a puff of smoke! x2
Your Air Magic skill increases to level 4!
The tengu reaver points at you and mumbles some strange words.
The bolt of cold hits you!! You resist.
* * * LOW HITPOINT WARNING * * *
Things that are here:
7 gold pieces; a +0 battleaxe; a +0 scale mail 62/158 (-18)
You feel energetic enough to blinkbolt again.
The tengu reaver points at you and mumbles some strange words.
The bolt of poison hits you but does no damage.
You resist. 63/158 (+1)
You buffet the tengu reaver!
The tengu reaver is lightly wounded.
You barely miss the tengu reaver. Your punch misses the tengu reaver.
The tengu reaver is lightly wounded.
The tengu reaver gestures at you while chanting.
The bolt of acid hits you!!!!
You die...
Your body crumbles into a pile of gold.

#...## ..# #)#..###..#
#$#.......# ## .
#.##.[...## .###.#
#.####..## #...
#.#####§#########.####
#.....§.§..[.....)....
###....$#...#...##....
#.Qv$.#..)######....
#.######[[.....#....
####.....##.......#....
##..#..............#....
#...#.........[)..######
#...'.........).<.##....
##..##...<...........∩..
####.........##..##....
#...####..###'##....


You could see a tengu reaver.

Vanquished Creatures
  A juggernaut (Depths:3)
  Sojobo (Depths:3)
  Vashnia (Snake:4)
  Saint Roka (Snake:3)
  A caustic shrike (Depths:3)
  A golden dragon (Depths:3)
  Jorgrun (Orc:1)
  Rupert (Lair:5)
  A quicksilver dragon (Depths:2)
  2 tentacled monstrosities
  Frances (Swamp:1)
  A tengu reaver (Depths:3)
  Kirke (Swamp:1)
  5 nagarajas
  A fenstrider witch (Swamp:4)
  4 fire giants
  5 frost giants
  An iron dragon (Depths:2)
  Louise (Swamp:1)
  4 stone giants
  12 very ugly things
  6 eleionomae
  4 vampire knights
  2 dire elephants
  5 spark wasps
  The ghost of surr the Peltast, a journeyman GrCA of Ignis (Orc:1)
  4 bunyips (Swamp:2)
  Snorg (Lair:4)
  5 ettins
  A fire dragon (Depths:1)
  A mummy priest (Depths:1)
  2 great orbs of eyes (Swamp:4)
  Josephine (Lair:6)
  Fannar (D:9)
  The ghost of BigAl the Thaumaturge, a journeyman DjFE of Makhleb (Lair:3)
  6 rakshasas
  2 green deaths (Swamp:4)
  5 ice dragons
  Erolcha (D:11)
  19 naga warriors
  3 spriggan air magi (Depths:3)
  17 hydras
  A vault guard (D:13)
  A ghost crab (Swamp:1)
  2 hell beasts
  7 anacondas
  3 boulder beetles
  10 two-headed ogres
  9 centaur warriors
  3 ogre magi
  A two-headed ogre (shapeshifter) (Depths:2)
  2 catoblepae
  2 death yaks
  12 alligators
  2 orc high priests (Depths:1)
  A vampire mage (Depths:1)
  3 deep troll earth magi
  9 tengu warriors
  3 spriggan berserkers
  2 thrashing horrors (Swamp:4)
  5 deep troll shamans
  18 naga sharpshooters
  9 shock serpents
  Amaemon (Lair:1)
  A fire crab (Lair:5)
  2 iron trolls
  2 salamander mystics
  4 skeletal warriors
  3 sixfirhies (Depths:2)
  13 deep trolls
  2 glowing orange brains
  5 goliath frogs
  3 shadow demons
  7 swamp dragons
  7 bog bodies (Swamp:4)
  6 sea snakes (Snake:4)
  2 wizards
  3 spriggan druids
  5 naga ritualists
  A necromancer (D:15)
  Pikel (D:4)
  2 phantasmal warriors (Depths:2)
  5 deep elf pyromancers
  2 lindwurms (Lair:6)
  4 orc sorcerers
  8 mana vipers
  2 mana vipers (shapeshifter) (Depths:2)
  6 cyclopes
  16 ugly things
  4 oklob plants (Snake:3)
  3 will-o-the-wisps
  11 elephants
  10 salamanders
  A guardian serpent (shapeshifter) (D:15)
  A rust devil (Depths:2)
  A torpor snail (Lair:5)
  22 naga magi
  A black mamba (shapeshifter) (D:13)
  32 black mambas
  6 guardian serpents (Snake:4)
  A gargoyle (D:12)
  11 cane toads
  5 orange demons
  2 unseen horrors
  16 komodo dragons
  3 kobold demonologists
  6 rime drakes
  A demonic crawler (Lair:6)
  3 ice devils
  A redback zombie (D:15)
  2 hellwings
  4 tengu conjurers
  3 red devils
  3 meliai (D:15)
  A polar bear (Lair:4)
  13 trolls
  A troll (shapeshifter) (Depths:3)
  31 blink frogs
  11 hornets
  3 bloated husks
  19 slime creatures
  11 tyrant leeches
  6 wyverns
  A centaur simulacrum (D:15)
  A vampire (D:9)
  6 shadows
  Sigmund (D:4)
  11 spriggans
  5 wraiths
  37 yaks
  Eustachio (D:4)
  4 basilisks
  2 hogs (Swamp:1)
  2 steam dragons
  Edmund (D:6)
  15 vampire mosquitoes
  58 nagas
  An acid dragon (D:9)
  2 wargs (Orc:2)
  15 swamp worms
  A harpy simulacrum (D:15)
  2 hydra simulacra (Lair:3)
  16 water moccasins
  Duvessa (D:4)
  3 hell hounds (Lair:6)
  2 swamp drakes (Swamp:1)
  A meliai simulacrum (D:15)
  A black bear (Lair:3)
  16 orc warriors
  2 sky beasts
  2 ice beasts
  22 ogres
  33 wolves
  12 boggarts
  A tengu (shapeshifter) (D:13)
  3 phantoms
  13 centaurs
  4 lemures
  Blork the orc (D:5)
  6 kobold brigands
  2 gnoll sergeants
  8 bullfrogs
  A necrophage (D:5)
  Dowan (D:4)
  A blink frog simulacrum (Lair:3)
  21 killer bees
  4 howler monkeys
  2 electric eels (Lair:1)
  A torpor snail simulacrum (Lair:3)
  A fire crab simulacrum (Lair:3)
  A wyvern simulacrum (Lair:3)
  5 hounds (D:5)
  A gnoll shaman (D:9)
  10 orc priests
  3 jellies
  A water moccasin simulacrum (Lair:3)
  Ijyb (D:5)
  4 iguanas
  18 orc wizards
  15 gnolls
  4 river rats (Sewer)
  6 adders
  A white imp (D:7)
  An ufetubus (D:6)
  A worm (D:3)
  3 dart slugs
  43 orcs
  5 bats
  5 endoplasms
  5 giant cockroaches
  9 goblins
  6 hobgoblins
  6 jackals
  24 kobolds
  9 quokkas
  11 ball pythons
  8 frilled lizards
  24 rats
  A bush (D:2)
1180 creatures vanquished.

Vanquished Creatures (others)
  A tyrant leech (Swamp:3)
  A human (Swamp:1)
  2 foxfires (Swamp:2)
  40 fungi
  36 plants
  10 toadstools (Lair:1)
90 creatures vanquished.

Grand Total: 1270 creatures vanquished

Notes
Turn   | Place    | Note
-------+----------+-------------------------------------------
     0 | D:1      | wakim the Octopode Transmuter began the quest for the Orb.
     0 | D:1      | Reached XP level 1. HP: 13/13 MP: 3/3
   331 | D:1      | Reached XP level 2. HP: 12/18 MP: 3/5
   426 | D:1      | Found Joruxad's Weapon Shop.
  1554 | D:2      | Found a faded altar of an unknown god.
  1559 | D:1      | Reached XP level 3. HP: 20/23 MP: 4/6
  1593 | D:1      | Learned a level 3 spell: Spider Form
  1675 | D:2      | Found Eschai's Magic Scroll Shoppe.
  1680 | D:2      | Bought a scroll of identify for 26 gold pieces
  1704 | D:2      | Identified a scroll of acquirement
  1704 | D:2      | Acquired the ring "Sibb" {Fly Will++ MP+9 Int+6}
  1850 | D:2      | Learned a level 2 spell: Blink
  2298 | D:2      | Identified the +2 leather armour of the Were-rabbit {Int+4}
  2474 | D:2      | Reached skill level 1 in Stealth
  2474 | D:2      | Reached skill level 1 in Poison Magic
  2957 | D:2      | Reached XP level 4. HP: 26/28 MP: 7/7
  3857 | D:3      | Found a blossoming altar of Fedhas.
  3918 | D:3      | Reached XP level 5. HP: 29/33 MP: 8/8
  4309 | D:4      | Noticed Pikel
  4309 | D:4      | Noticed a lemure
  4309 | D:4      | Noticed a lemure
  4309 | D:4      | Noticed a lemure
  4309 | D:4      | Noticed a lemure
  4309 | D:4      | Found a broken altar of Ashenzari.
  4309 | D:4      | Found a snail-covered altar of Cheibriados.
  4309 | D:4      | Found a sparkling altar of Nemelex Xobeh.
  4418 | D:4      | Noticed Eustachio
  4606 | D:4      | Reached XP level 6. HP: 31/38 MP: 9/9
  4615 | D:4      | Found a glowing drain.
  4657 | Sewer    | Entered a sewer
  4839 | Sewer    | Learned a level 4 spell: Ice Form
  5479 | Sewer    | Reached skill level 5 in Unarmed Combat
  5479 | Sewer    | Reached skill level 1 in Translocations
  5479 | Sewer    | Reached XP level 7. HP: 43/43 MP: 11/11
  5756 | D:4      | Noticed Sigmund
  5843 | D:4      | Found an ancient bone altar of Kikubaaqudgha.
  5849 | D:4      | Found a radiant altar of Vehumet.
  5967 | D:4      | Noticed Dowan
  6022 | D:5      | Entered Level 5 of the Dungeon
  6048 | D:5      | Found a stormy altar of Qazlal.
  6048 | D:5      | Noticed Blork the orc
  6177 | D:5      | Reached skill level 5 in Transmutations
  6290 | D:5      | Noticed Ijyb
  6449 | D:5      | Reached XP level 8. HP: 43/50 MP: 12/12
  6888 | D:5      | Learned a level 3 spell: Teleport Other
  7078 | D:6      | Noticed Edmund
  7780 | D:6      | Found a bloodstained altar of Trog.
  8053 | D:6      | Reached XP level 9. HP: 60/60 MP: 13/13
  8138 | D:6      | Identified the +3 leather armour of Parts Unknown {rF+
                  | Dex+3}
  8203 | D:5      | Killed Ijyb
  8411 | D:5      | Found a hazy altar of Hepliaklqana.
  8468 | D:5      | Killed Blork the orc
  8469 | D:5      | Reached skill level 5 in Fighting
  8723 | D:4      | Killed Sigmund
  8787 | D:4      | Noticed Duvessa
  8850 | D:4      | Killed Eustachio
  9274 | D:7      | Found a staircase to the Ecumenical Temple.
  9284 | Temple   | Entered the Ecumenical Temple
  9535 | Temple   | Became a worshipper of Gozag Ym Sagoz the Greedy
 10779 | D:7      | Found a glowing silver altar of Zin.
 11004 | D:8      | Reached skill level 5 in Dodging
 11100 | D:8      | Reached XP level 10. HP: 67/69 MP: 14/14
 12098 | D:8      | Reached skill level 10 in Unarmed Combat
 12445 | D:2      | Bought 2 scrolls of identify for 52 gold pieces
 12445 | D:2      | Bought 2 scrolls of teleportation for 78 gold pieces
 12529 | D:4      | Killed Duvessa
 12532 | D:4      | Killed Dowan
 12674 | D:4      | Killed Pikel
 12800 | D:6      | Killed Edmund
 13291 | D:9      | Reached skill level 5 in Stealth
 13370 | D:9      | Found a staircase to the Lair.
 13574 | D:9      | Reached XP level 11. HP: 75/75 MP: 18/18
 13580 | D:9      | Reached skill level 5 in Spellcasting
 13626 | D:9      | Found an iron altar of Okawaru.
 13724 | D:9      | Found a shimmering blue altar of Sif Muna.
 14117 | Lair:1   | Entered Level 1 of the Lair of Beasts
 14122 | Lair:1   | Noticed Fannar
 14190 | D:9      | Killed Fannar
 14191 | D:9      | Reached skill level 5 in Translocations
 15241 | Lair:1   | Learned a level 5 spell: Manifold Assault
 15245 | Lair:1   | Learned a level 3 spell: Swiftness
 15248 | Lair:1   | Noticed Amaemon
 15329 | Lair:2   | Reached XP level 12. HP: 85/85 MP: 20/20
 16245 | Lair:2   | Noticed an eight-headed hydra
 16493 | Lair:3   | Found a runed translucent gate.
 16618 | Lair:3   | Noticed BigAl's ghost (journeyman DjFE)
 16943 | Lair:3   | Found a runed translucent gate.
 16944 | Lair:3   | Found a runed translucent gate.
 17384 | Lair:3   | Reached skill level 10 in Fighting
 17784 | D:2      | Bought a scroll of amnesia for 45 gold pieces
 17784 | D:2      | Bought a scroll of acquirement for 676 gold pieces
 17784 | D:2      | Bought a scroll of teleportation for 39 gold pieces
 17784 | D:2      | Bought a scroll of teleportation for 39 gold pieces
 17784 | D:2      | Acquired the ring "Munnidwe" {rF+ Int+6}
 18311 | Lair:4   | Noticed Snorg
 18316 | Lair:4   | Killed Snorg
 18598 | Lair:4   | Found a staircase to the Snake Pit.
 18801 | Lair:4   | Noticed a boulder beetle
 18816 | Lair:4   | Killed a boulder beetle
 18887 | Lair:4   | Found a hide-covered altar of Uskayaw.
 18887 | Lair:4   | Found an ornate altar of the Wu Jian Council.
 19379 | Lair:5   | Reached XP level 13. HP: 93/93 MP: 16/24
 19855 | Lair:5   | Learned a level 6 spell: Dispersal
 19960 | Lair:5   | Noticed Rupert
 20289 | Lair:6   | Entered Level 6 of the Lair of Beasts
 20680 | Lair:2   | Found a staircase to the Swamp.
 20924 | Lair:1   | Killed Amaemon
 21092 | Lair:1   | Found a runed translucent door.
 21118 | Lair:1   | Noticed a dire elephant
 21207 | D:10     | Entered Level 10 of the Dungeon
 21829 | D:10     | Found Qezohomn's Armour Shop.
 22312 | D:10     | Found a hide-covered altar of Uskayaw.
 23028 | D:11     | Found Qit Yrch's Armour Emporium.
 23050 | D:11     | Noticed Erolcha
 23055 | D:11     | Killed Erolcha
 23778 | Lair:1   | Killed a dire elephant
 24000 | Lair:6   | Noticed Josephine
 24138 | Lair:6   | Killed Josephine
 24139 | Lair:6   | Reached XP level 14. HP: 101/101 MP: 11/26
 24288 | Lair:6   | Reached skill level 10 in Transmutations
 24485 | Lair:6   | Noticed a dire elephant
 24681 | Lair:6   | Found a staircase to the Slime Pits.
 25238 | Lair:6   | Reached skill level 10 in Translocations
 26158 | Lair:6   | Killed a dire elephant
 26387 | Lair:6   | Found a burning altar of Makhleb.
 26516 | Lair:6   | Found a gateway to Hell.
 26819 | Lair:5   | Paralysed by Rupert for 3 turns
 26976 | Lair:5   | Killed Rupert
 27541 | D:11     | Bought the ring "Hezycs" {Wiz rPois Will+} for 608 gold
                  | pieces
 27541 | D:11     | Bought a ring of see invisible for 195 gold pieces
 27541 | D:11     | Bought the ring "Cacarudu" {Will+ rCorr} for 423 gold
                  | pieces
 27541 | D:11     | Bought the ring "Ydwerega" {rF+ MP+9 Str+4} for 770 gold
                  | pieces
 28448 | D:12     | Reached XP level 15. HP: 111/111 MP: 27/27
 28489 | D:12     | Found a staircase to the Orcish Mines.
 29308 | D:13     | Reached skill level 15 in Unarmed Combat
 30403 | D:13     | Found a gate to the Vaults.
 30821 | Orc:1    | Entered Level 1 of the Orcish Mines
 30874 | Orc:1    | Noticed Jorgrun
 30884 | Orc:1    | Killed Jorgrun
 31117 | Orc:1    | Found a runed translucent door.
 31123 | Orc:1    | Noticed surr's ghost (journeyman GrCA)
 31422 | Orc:1    | Killed surr's ghost
 31452 | Orc:2    | Entered Level 2 of the Orcish Mines
 31657 | Orc:2    | Found a staircase to the Elven Halls.
 31661 | Orc:2    | Found Xoid Hua's General Store.
 32559 | Orc:2    | Found Fietan's Armour Boutique.
 32579 | Orc:2    | Found Hukozi's Antique Weapon Emporium.
 32588 | Orc:2    | Found Eskuvuq's Magic Scroll Shop.
 32597 | Orc:2    | Bought a scroll of teleportation for 36 gold pieces
 32597 | Orc:2    | Bought a scroll of magic mapping for 42 gold pieces
 33124 | D:14     | Reached skill level 15 in Fighting
 33380 | D:14     | Reached skill level 10 in Dodging
 33385 | D:14     | Reached XP level 16. HP: 122/122 MP: 28/28
 33926 | D:14     | Found a white marble altar of Elyvilon.
 34274 | D:15     | Entered Level 15 of the Dungeon
 35497 | D:15     | Found a staircase to the Depths.
 35754 | Lair:3   | Killed BigAl's ghost
 35908 | Lair:3   | Got the ring "Rota" {Fire rElec Stlth+}
 35955 | Snake:1  | Entered Level 1 of the Snake Pit
 36122 | Lair:4   | Bought a potion of experience for 750 gold pieces
 36122 | Lair:4   | Bought a potion of curing for 45 gold pieces
 36122 | Lair:4   | Bought a potion of haste for 150 gold pieces
 36122 | Lair:4   | Bought a potion of haste for 150 gold pieces
 36122 | Lair:4   | Reached XP level 17. HP: 129/129 MP: 30/30
 36130 | Lair:4   | Bought a potion of heal wounds for 70 gold pieces
 36130 | Lair:4   | Bought a potion of resistance for 140 gold pieces
 36438 | Snake:1  | Learned a level 6 spell: Statue Form
 36615 | Snake:1  | Reached skill level 1 in Earth Magic
 37520 | Snake:2  | Reached skill level 10 in Spellcasting
 37521 | Snake:2  | Reached XP level 18. HP: 135/135 MP: 32/32
 37566 | Snake:2  | Found Baashrigg's Book Boutique.
 37754 | Snake:2  | Found Fourr's Jewellery Emporium.
 37754 | Snake:2  | Found Xyagamon's Book Boutique.
 37767 | Snake:2  | Bought the ring of Wiematoblo {rCorr SInv} for 496 gold
                  | pieces
 37995 | Snake:3  | Found Becum's Assorted Antiques.
 37995 | Snake:3  | Found Ositzuqops's Jewellery Shoppe.
 37997 | Snake:3  | Found Irghatti's General Store.
 37999 | Snake:3  | Found Myikhle's Antique Armour Emporium.
 38029 | Snake:3  | Bought a potion of heal wounds for 85 gold pieces
 38352 | Snake:3  | Noticed Saint Roka
 38371 | Snake:3  | Killed Saint Roka
 39036 | Snake:3  | Reached skill level 5 in Earth Magic
 39552 | Snake:4  | Entered Level 4 of the Snake Pit
 39752 | Snake:4  | Found Zoani's Assorted Antiques.
 39757 | Snake:4  | Bought the +3 crown of Dyrovepreva {rElec Int+2 SInv} for
                  | 1035 gold pieces
 39757 | Snake:4  | Found the +3 crown of Dyrovepreva {rElec Int+2 SInv}
 40155 | Snake:4  | Noticed Vashnia
 40164 | Snake:4  | Killed Vashnia
 41100 | Snake:4  | Reached XP level 19. HP: 143/143 MP: 34/34
 41153 | Snake:4  | Got a serpentine rune of Zot
 41396 | Swamp:1  | Entered Level 1 of the Swamp
 41434 | Swamp:1  | Noticed Louise
 41481 | Swamp:1  | Killed Louise
 41536 | Swamp:1  | Noticed a tentacled monstrosity
 41542 | Swamp:1  | Killed a tentacled monstrosity
 41635 | Swamp:1  | Noticed Frances
 41640 | Swamp:1  | Killed Frances
 41776 | Swamp:1  | Noticed Kirke
 41781 | Swamp:1  | Killed Kirke
 43288 | Swamp:3  | Acquired the ring "Xuikil" {Fly Slay+5}
 43544 | Swamp:4  | Entered Level 4 of the Swamp
 44265 | Swamp:4  | Got a decaying rune of Zot
 44848 | Depths:1 | Entered Level 1 of the Depths
 45085 | D:15     | Reached XP level 20. HP: 151/151 MP: 36/36
 46093 | Depths:1 | Found a one-way gateway to a ziggurat.
 46095 | Depths:1 | Reached skill level 15 in Transmutations
 46568 | Depths:1 | Identified the amulet "Ikkur" {RegenMP Regen+ Str-2 Int+4
                  | Stlth+}
 46635 | Depths:1 | Found a shimmering blue altar of Sif Muna.
 46841 | Depths:2 | Found a one-way gate leading to the halls of Pandemonium.
 47251 | Depths:2 | Found Ileedgh's Book Boutique.
 47251 | Depths:2 | Found Jebran's Book Shop.
 47255 | Depths:2 | Found Ducuf's Distillery.
 47276 | Depths:2 | Bought an Inescapable Atlas for 510 gold pieces
 47323 | Depths:2 | Learned a level 7 spell: Storm Form
 47474 | Depths:2 | Reached skill level 1 in Air Magic
 48261 | Depths:2 | Acquired 877 gold pieces
 48279 | Depths:3 | Found a one-way gate to the infinite horrors of the Abyss.
 48560 | Depths:3 | Reached XP level 21. HP: 132/157 MP: 28/38
 48741 | Depths:3 | Noticed a caustic shrike
 48744 | Depths:3 | Noticed a juggernaut
 48748 | Depths:3 | Killed a caustic shrike
 48749 | Depths:3 | Noticed a golden dragon
 48760 | Depths:3 | Killed a juggernaut
 48869 | Depths:3 | Killed a golden dragon
 48967 | Depths:3 | Noticed Sojobo
 48980 | Depths:3 | Paralysed by an air elemental for 1 turns
 48986 | Depths:3 | Killed Sojobo
 48990 | Depths:3 | Killed from afar by a tengu reaver

Illustrated notes

Levels and vault maps discovered:
D:1:      psy_arrival_fountain, layout_basic, serial_shops, shop,
          minmay_pentomino_w2
D:2:      layout_basic, nicolae_ecumenical_pavilion, serial_forest,
          infiniplex_forest_clump_diagonal, infiniplex_forest_end_2,
          infiniplex_forest_clump_double, infiniplex_forest_lined_room_,
          infiniplex_forest_straight_1, infiniplex_forest_zigzag_1,
          serial_shops, nicolae_shop_temple_entry_statues_fountains,
          minmay_rat_hole
D:3:      layout_loops_cross, lemuel_crystal_altar
D:4:      layout_rooms, ashenzari_altar_1, mainiacjoe_overflow_alcove_3,
          portal_sewer_entry_f, uniq_eustachio, uniq_pikel, uniq_sigmund,
          uniq_duvessa
D:5:      layout_rooms, nzn_hepliaklqana_mist_gate, grunt_qazlal_clouds,
          cheibrodos_gnoll_hut, uniq_blork_the_orc, uniq_ijyb
D:6:      layout_loops_cross, mainiacjoe_overflow_small_starburst,
          minmay_manual_mares, uniq_edmund
D:7:      layout_cave_pods, zin_scriptorium, minmay_temple_entry_grid
D:8:      layout_loops_ring, grunt_ministairs_1
D:9:      layout_loops_cross, mainiacjoe_overflow_boulevard,
          kennysheep_orc_sif_temple, lair_entry_dummy
D:10:     layout_layer_cave, mainiacjoe_overflow_six_doors_small, serial_shops,
          nicolae_shop_statue_plus, grunt_ministairs_13
D:11:     layout_basic, serial_shops, nicolae_shop_hallway_plus, uniq_erolcha
D:12:     layout_basic, orc_0_dummy
D:13:     layout_roguey, david_vaults_5
D:14:     layout_small_grid, chequers_avenue, nicolae_elyvilon_temple_path
D:15:     grunt_enter_depths_magical_seal, layout_grid_maze, serial_bayou_pond_e
Temple:   jpeg_temple_island
Lair:1:   gammafunk_lair_enchanted_lake, layout_regular_city,
          dreamdust_mushroom_princess, grunt_forest_large_clearings,
          uniq_fannar, uniq_amaemon
Lair:2:   layout_loops_ring, palyth_hydra_swamp_entry
Lair:3:   layout_chaotic_city, gammafunk_ghost_icy
Lair:4:   layout_roguey, guppyfry_snake_entry_garden,
          nzn_masters_of_martial_movement, uniq_snorg
Lair:5:   layout_hall_layers, uniq_rupert
Lair:6:   evil_forest, layout_hall_layers, slime_dummy, worms_lemuel,
          uniq_josephine
Swamp:1:  layout_basic_swamp, evilmike_swamp_ruin_rubble_2, uniq_louise,
          uniq_kirke, uniq_frances
Swamp:2:  layout_basic_swamp, nicolae_swamp_tree_designs, swamp_pool2,
          infiniplex_staircase_pool_2
Swamp:3:  layout_basic_swamp, evilmike_swamp_ruin_house_2
Swamp:4:  swamp_vile, layout_basic_swamp, infiniplex_staircase_pool
Snake:1:  layout_misc_corridors, hangedman_snake_corridor_cut
Snake:2:  layout_rooms, minmay_shop_grove
Snake:3:  dpeg_oklob_gauntlet, layout_basic, minmay_shoptagon, uniq_saint_roka
Snake:4:  grunt_snake_rune_pools, layout_concentric_octagons, serial_shops,
          nicolae_square_shop, uniq_vashnia
Orc:1:    layout_diamond_mine, hellmonk_ghost_happy_afterlife,
          statue_in_the_mist_lemuel, uniq_jorgrun
Orc:2:    st_orc_open, layout_diamond_mine, library_closet
Depths:1: layout_gridlike, enter_ziggurat_b, hell_entry,
          hangedman_summoners_spam
Depths:2: wad_arrow_thing, layout_basic, grunt_hell_entry_dis_grunt,
          grunt_pan_entry_spiral, grunt_decor_cap, minmay_shop_star,
          infiniplex_staircase_squiggle
Depths:3: minmay_the_grid_3x3 [minmay_the_grid_paths,
          minmay_the_grid_holed_spiral, minmay_the_grid_fan,
          minmay_the_grid_small_cups, minmay_the_grid_outer_circle,
          minmay_the_grid_mess, minmay_the_grid_airy,
          minmay_the_grid_aliased_spiral, minmay_the_grid_prize_big_room],
          layout_gridville, hangedman_tar_grid_catacomb, serial_shops,
          nicolae_shop_overgrown_old_shop, abyss_entry, uniq_mara, uniq_sojobo

Skill      XL: |  1  2  3  4  5  6  7  8  9 10 11 12 13 14 15 16 17 18 19 20 21 |
---------------+----------------------------------------------------------------+-----
Stealth        | 1 2 3 5 |  5.0
Poison Magic   | 1 |  1.0
Unarmed Combat | 4 5 6 7 9 10 11 12 13 14 15 16 17 | 17.4
Transmutations | 3 4 5 7 8 9 10 11 13 14 15 16 | 16.0
Spellcasting   | 3 4 5 7 8 9 10 11 12 13 14 | 14.0
Translocations | 1 2 3 4 5 7 9 10 11 12 13 | 13.7
Fighting       | 2 4 6 7 9 10 11 13 15 16 17 | 17.7
Dodging        | 3 5 6 10 | 10.3
Earth Magic    | 3 6 |  6.0
Air Magic      | 3 4 |  4.1

Action                   |  1- 3 |  4- 6 |  7- 9 | 10-12 | 13-15 | 16-18 | 19-21 || total
-------------------------+-------+-------+-------+-------+-------+-------+-------++-------
Melee: Unarmed           |    76 |   154 |   227 |   447 |   953 |   742 |   868 ||  3467
       Constrict         |    20 |    21 |     2 |     4 |     3 |    25 |    30 ||   105
       Kick              |    11 |    21 |       |       |       |       |       ||    32
       Tentacles         |    15 |    30 |     2 |     2 |     2 |    58 |   102 ||   211
       Punch             |     1 |     3 |     1 |     3 |       |    30 |    50 ||    88
 Cast: Beastly Appendage |    25 |    25 |     2 |       |       |       |       ||    52
       Spider Form       |     1 |     4 |    18 |     3 |     1 |     1 |       ||    28
       Ice Form          |       |     3 |    25 |    57 |    86 |    18 |       ||   189
       Teleport Other    |       |       |     4 |     2 |       |       |       ||     6
       Blink             |       |       |       |     1 |     2 |       |       ||     3
       Manifold Assault  |       |       |       |    41 |   293 |   225 |   247 ||   806
       Dispersal         |       |       |       |       |     1 |       |     1 ||     2
       Statue Form       |       |       |       |       |       |    39 |    49 ||    88
       Storm Form        |       |       |       |       |       |       |    11 ||    11
Invok: Potion Petition   |       |       |       |     1 |       |       |       ||     1
       Call Merchant     |       |       |       |       |     1 |     2 |       ||     3
 Abil: Blinkbolt         |       |       |       |       |       |       |     2 ||     2
Evoke: Wand              |       |       |     1 |     1 |     3 |       |       ||     5
  Use: Scroll            |     5 |     1 |     4 |    14 |     6 |       |     3 ||    33
       Potion            |       |       |     3 |       |       |     1 |       ||     4
 Stab: Sleeping          |     5 |    15 |     4 |     6 |     4 |     2 |     5 ||    41
       Distracted        |       |       |     1 |     3 |     4 |     7 |     7 ||    22
       Invisible         |       |       |     1 |       |       |       |       ||     1
       Petrified         |       |       |       |       |     1 |       |       ||     1
Armor: Skin              |     6 |     8 |    41 |    74 |   184 |   206 |   299 ||   818
Dodge: Dodged            |    35 |    38 |   143 |   240 |   224 |   238 |   384 ||  1302

Table legend: (Time is in decaauts)
 A = Elapsed time spent in this place.
 B = Non-inter-level travel time spent in this place.
 C = Inter-level travel time spent in this place.
 D = Time resting spent in this place.
 E = Time spent auto-exploring this place.
 F = Levels seen in this place.
 G = Mean time per level.
                   A        B        C        D        E       F      G
               +--------+--------+--------+--------+--------+-----+--------+
         Total |  50797 |  46746 |   4051 |   4337 |  33710 |  36 | 1411.0 |
       Dungeon |  22722 |  20147 |   2575 |   2852 |  13640 |  15 | 1514.8 |
        Temple |    283 |    252 |     31 |    210 |     28 |   1 |  283.0 |
          Lair |  10696 |   9749 |    947 |    768 |   7138 |   6 | 1782.7 |
         Swamp |   3925 |   3806 |    119 |     45 |   3027 |   4 |  981.2 |
     Snake Pit |   6271 |   6000 |    271 |     43 |   4806 |   4 | 1567.8 |
  Orcish Mines |   2171 |   2088 |     83 |    256 |   1463 |   2 | 1085.5 |
        Depths |   3767 |   3745 |     22 |    111 |   2939 |   3 | 1255.7 |
         Sewer |    959 |    959 |      0 |     51 |    669 |   1 |  959.0 |
               +--------+--------+--------+--------+--------+-----+--------+

Top non-repeatable levels by time:
  Lair:6: 2331 daAuts
    D:15: 2129 daAuts
 Snake:3: 2027 daAuts
 Snake:4: 2009 daAuts
     D:7: 1984 daAuts
    D:12: 1834 daAuts
  Lair:1: 1804 daAuts
     D:6: 1780 daAuts
     D:2: 1778 daAuts
  Lair:5: 1762 daAuts
  Lair:2: 1695 daAuts
Depths:2: 1679 daAuts
     D:1: 1638 daAuts
  Lair:3: 1631 daAuts
    D:10: 1539 daAuts
